 Dungeon Crawl Stone Soup version 0.20.1-1-g8b1a95d (webtiles) character file.

6788 Golfball the Basher (level 11, -3/64 HPs)
             Began as a Gargoyle Fighter on Nov 20, 2017.
             Was a High Priest of Okawaru.
             Slain by a troll (7 damage)
             ... on level 9 of the Dungeon.
             The game lasted 00:35:03 (9326 turns).

Golfball the Basher (Gargoyle Fighter)              Turns: 9326, Time: 00:35:04

Health: -3/64      AC: 22    Str: 24    XL:     11   Next: 5%
Magic:  17/17      EV:  9    Int: 10    God:    Okawaru [*****.]
Gold:   434        SH:  9    Dex:  9    Spells: 10/10 levels left

rFire    . . .     SeeInvis .   C - +2 flail (crush)
rCold    + . .     Gourm    .   c - +0 shield
rNeg     + . .     Faith    .   b - +1 scale mail
rPois    ∞         Spirit   .   a - +2 helmet
rElec    +         Reflect  .   (no cloak)
rCorr    +         Harm     .   l - +1 pair of gloves
MR       .....                  (no boots)
Stlth    ..........             (no amulet)
Regen    0.2/turn               q - ring of resist corrosion
MPRegen  0.2/turn               i - ring of protection from cold

@: no status effects
A: negative energy resistance 1, electricity resistance, strong 1, unbreathing,
petrification resistance, rot immunity, AC +7
a: Heroism, Finesse, Renounce Religion


You were on level 9 of the Dungeon.
You worshipped Okawaru.
Okawaru was extremely pleased with you.
You were not hungry.

You visited 1 branch of the dungeon, and saw 10 of its levels.

You collected 434 gold pieces.

Inventory:

Hand Weapons
 A - a +3 whip of chaos
 C - a +2 flail of crushing (weapon)
 D - a +0 war axe
Armour
 a - a +2 helmet (worn)
 b - a +1 scale mail (worn)
 c - a +0 shield (worn)
 l - a +1 pair of gloves (worn)
 w - the cursed +1 leather armour of the Black Skies {*Slow rF+ Regen+}
   (You found it on level 4 of the Dungeon)

   It protects you from fire.
   It increases your rate of regeneration.
   It may slow you when you take damage.
   It has a curse placed upon it.
Jewellery
 i - a ring of protection from cold (right hand)
 j - an uncursed ring of protection from cold
 q - a ring of resist corrosion (left hand)
 y - an uncursed ring of protection from fire
Scrolls
 n - a scroll of immolation
 t - a scroll of teleportation
 u - 5 scrolls of remove curse
Potions
 d - 3 potions of might
 e - 4 potions of agility
 g - a potion of haste
 k - 4 potions of heal wounds
 m - 4 potions of curing
 p - a potion of cancellation
 s - 4 potions of mutation
 x - a potion of ambrosia {unknown}
 z - 4 potions of brilliance
 B - 2 potions of berserk rage {unknown}
Comestibles
 f - 7 bread rations
 h - 4 fruits
 o - 3 meat rations
 r - 5 royal jellies


   Skills:
 - Level 5.7 Fighting
 - Level 10.0 Maces & Flails
 + Level 9.8 Armour
 + Level 2.9 Dodging
 - Level 3.8 Shields
 - Level 9.2 Invocations


You had 10 spell levels left.
You didn't know any spells.

Dungeon Overview and Level Annotations

Branches:
Dungeon (10/15)            Temple (0/1) D:4
   Lair: D:8-11         Orc: D:9-12

Altars:
Ashenzari
Dithmenos
Elyvilon
Kikubaaqudgha
Okawaru
Qazlal
Ru
Sif Muna
Uskayaw
Yredelemnul
Zin

Annotations:
D:10 robertstho's ghost, novice DEWz


Innate Abilities, Weirdness & Mutations

You are resistant to torment.
Your stone body is resilient. (AC +7)
You are immune to poison.
You resist negative energy. (rN+)
You are resistant to electric shocks. (rElec)
You can survive without breathing.
You are immune to petrification.
You are immune to rotting.
Your muscles are strong. (Str +2)


Message History

The orc is almost dead.
The orc hits you.
* * * LOW HITPOINT WARNING * * *
You block the troll's attack. x2; The troll claws you but does no damage.
The orc hits you but does no damage.
You hit the orc.
You kill the orc!
Okawaru accepts your kill. The troll bites you but does no damage.
The troll claws you but does no damage. The troll claws you.
* * * LOW HITPOINT WARNING * * *
The orc misses you.
You barely miss the troll. The troll bites you.
* * * LOW HITPOINT WARNING * * *
The troll claws you but does no damage. The troll claws you.
* * * LOW HITPOINT WARNING * * *
You hit the troll.
The troll is lightly wounded.
The orc closely misses you. The troll bites you!
You die...

########## #........#
#........### ########
#..........##### .....(.#
#>.......#.....# .......#
#........#####.## .......#
##....########..# .......# #...)#
###.....# .......#
####†@..###......## ##..#>##
#...oT####..#...## ##.##..##
##.###.##...##...#
...###..###..#......###....######
##..###..#..##...####..........<#
##................###...........#
#..#####..............<......(..#
#..................#.###........#
..........##..........##........#


You could see a troll and an orc.

Vanquished Creatures
  A hydra (D:10)
  A centaur warrior (D:10)
  A cyclops (D:10)
  3 yaks (D:9)
  A hungry ghost (D:9)
  Menkaure (D:7)
  A water moccasin (D:9)
  3 ice beasts
  2 orc warriors
  A sky beast (D:3)
  A black bear (D:10)
  3 phantoms
  6 ogres
  An eye of draining (D:10)
  2 necrophages
  2 centaurs
  4 bullfrogs
  2 water moccasin skeletons (D:7)
  9 killer bees
  7 howler monkeys
  5 crimson imps
  2 bullfrog zombies
  A quasit (D:7)
  3 hounds
  A bullfrog skeleton (D:4)
  3 jellies
  3 orc priests
  12 orc wizards
  3 iguanas (D:5)
  2 worker ants
  Terence (D:3)
  A hound zombie (D:8)
  A hound skeleton (D:9)
  A howler monkey zombie (D:7)
  7 gnolls
  16 adders
  A shadow imp (D:5)
  2 adder skeletons
  4 dart slugs
  9 leopard geckos
  38 orcs
  7 giant cockroaches
  4 goblins
  9 hobgoblins
  5 jackals
  3 quokkas
  A ball python (D:6)
  A ball python skeleton (D:3)
  8 bats
  6 frilled lizards
  2 jackal zombies
  4 kobolds
  A leopard gecko skeleton (D:5)
  A quokka zombie (D:7)
  7 rats
227 creatures vanquished.

Notes
Turn   | Place    | Note
-------+----------+-------------------------------------------
     0 | D:1      | Golfball the Gargoyle Fighter began the quest for the Orb.
     0 | D:1      | Reached XP level 1. HP: 14/14 MP: 1/1
   311 | D:1      | Reached XP level 2. HP: 19/19 MP: 2/2
   819 | D:1      | Reached XP level 3. HP: 23/23 MP: 3/3
  1031 | D:2      | Found a hide-covered altar of Uskayaw.
  1032 | D:2      | Found an iron altar of Okawaru.
  1051 | D:2      | Became a worshipper of Warmaster Okawaru
  1089 | D:2      | Found an ancient bone altar of Kikubaaqudgha.
  1338 | D:2      | Reached skill level 3 in Maces & Flails
  1338 | D:2      | Reached XP level 4. HP: 28/28 MP: 4/4
  1465 | D:2      | Found a deep blue altar of Sif Muna.
  1673 | D:3      | Noticed Terence
  1686 | D:3      | Killed Terence
  1781 | D:3      | Noticed a sky beast
  1807 | D:3      | Killed a sky beast
  1807 | D:3      | Reached skill level 4 in Maces & Flails
  1807 | D:3      | Reached XP level 5. HP: 26/32 MP: 5/5
  1812 | D:3      | Reached skill level 5 in Maces & Flails
  1896 | D:3      | Gained mutation: Your muscles are strong. (Str +2) [mutagenic meat]
  1979 | D:3      | Reached XP level 6. HP: 36/37 MP: 6/6
  2133 | D:3      | Found a basalt altar of Yredelemnul.
  2133 | D:3      | Found a sacrificial altar of Ru.
  2286 | D:3      | Found a shattered altar of Ashenzari.
  2653 | D:4      | Reached skill level 6 in Maces & Flails
  2676 | D:4      | Found a staircase to the Ecumenical Temple.
  2689 | D:4      | Got a smoking leather armour
  2690 | D:4      | Identified the cursed +1 leather armour of the Black Skies {*Slow rF+ Regen+} (You found it on level 4 of the Dungeon)
  2740 | D:4      | Reached * piety under Okawaru
  3025 | D:4      | Reached XP level 7. HP: 40/41 MP: 7/7
  3275 | D:5      | Entered Level 5 of the Dungeon
  3280 | D:5      | Reached skill level 7 in Maces & Flails
  3294 | D:5      | Found a glowing silver altar of Zin.
  3682 | D:5      | Reached skill level 8 in Maces & Flails
  4070 | D:5      | Reached XP level 8. HP: 42/46 MP: 8/8
  4408 | D:5      | Found a stormy altar of Qazlal.
  4457 | D:5      | Reached ** piety under Okawaru
  4457 | D:5      | Reached skill level 9 in Maces & Flails
  5106 | D:6      | Found a shadowy altar of Dithmenos.
  5485 | D:7      | Reached skill level 10 in Maces & Flails
  5525 | D:7      | Reached skill level 1 in Invocations
  5610 | D:7      | Reached *** piety under Okawaru
  5617 | D:7      | Reached skill level 5 in Fighting
  5617 | D:7      | Reached XP level 9. HP: 32/54 MP: 7/11
  5892 | D:7      | Got a scintillating brass ring
  5894 | D:7      | Identified the ring "Rawoesch" {*Tele *Slow rElec rPois rF+} (You found it on level 7 of the Dungeon)
  6331 | D:7      | Noticed Menkaure
  6337 | D:7      | Killed Menkaure
  6337 | D:7      | Reached skill level 5 in Armour
  6337 | D:7      | Reached skill level 5 in Invocations
  6562 | D:7      | Reached **** piety under Okawaru
  7203 | D:8      | Reached XP level 10. HP: 60/60 MP: 15/15
  7689 | D:8      | Found a white marble altar of Elyvilon.
  7887 | D:9      | Reached ***** piety under Okawaru
  8681 | D:10     | Entered Level 10 of the Dungeon
  8805 | D:10     | Noticed a centaur warrior
  8806 | D:10     | Noticed a cyclops
  8819 | D:10     | Killed a centaur warrior
  8827 | D:10     | Killed a cyclops
  8827 | D:10     | Reached skill level 1 in Dodging
  8837 | D:10     | Noticed a six-headed hydra
  8849 | D:10     | HP: 1/60 [six-headed hydra (9)]
  8854 | D:10     | Killed a six-headed hydra
  8854 | D:10     | Reached XP level 11. HP: 23/64 MP: 2/17
  9142 | D:10     | HP: 2/64 [something (7)]
  9165 | D:10     | Noticed robertstho's ghost (novice DEWz)
  9326 | D:9      | Slain by a troll

Skill      XL: |  1  2  3  4  5  6  7  8  9 10 |
---------------+-------------------------------+-----
Maces & Flails | 3 4 5 6 8 10 | 10.0
Fighting       | 5 |  5.7
Invocations    | 3 6 9 |  9.2
Armour         | 6 9 |  9.8
Dodging        | 2 |  2.9
Shields        | |  3.8

Action                   |  1- 3 |  4- 6 |  7- 9 | 10-12 || total
-------------------------+-------+-------+-------+-------++-------
Melee: Flail             |   122 |   168 |   508 |   228 ||  1026
       Whip              |       |       |       |    24 ||    24
Invok: Heroism           |       |       |     1 |       ||     1
  Use: Scroll            |       |    13 |     6 |     3 ||    22
       Potion            |       |       |       |     2 ||     2
  Eat: Chunk             |     2 |     5 |    10 |     3 ||    20
       Fruit             |       |     1 |       |     2 ||     3
       Meat ration       |       |       |     1 |     1 ||     2
Armor: Scale mail        |    81 |    69 |   243 |   252 ||   645
Dodge: Dodged            |    63 |    42 |   149 |    79 ||   333
Block: Shield            |    85 |    76 |   230 |   122 ||   513
